 Dungeon Crawl Stone Soup version 0.24.0-123-gd5b16e6ec5 (webtiles) character file.

Game seed: 6668733153991823074, levelgen mode: deterministic

566 Kobolds4U the Covert (level 7, -4/33 HPs)
             Began as a Spriggan Conjurer on Dec 21, 2019.
             Was a Follower of Ashenzari.
             Slain by an ice beast (12 damage)
             ... on level 5 of the Dungeon.
             The game lasted 00:16:12 (5629 turns).

Kobolds4U the Covert (Spriggan Conjurer)            Turns: 5629, Time: 00:16:13

Health: -4/33      AC:  2    Str:  6    XL:     7   Next: 10%
Magic:  9/12       EV: 19    Int: 17    God:    Ashenzari [*.....]
Gold:   236        SH:  0    Dex: 16    Spells: 5/11 levels left

rFire    . . .     SeeInvis +   f - +0 dagger (curse)
rCold    . . .     Gourm    .   (shield restricted)
rNeg     . . .     Faith    .   a - +0 robe
rPois    .         Spirit   .   (helmet restricted)
rElec    .         Reflect  .   (no cloak)
rCorr    .         Harm     .   (gloves unavailable)
MR       +....                  (boots unavailable)
Stlth    +++++.....             h - amulet of rage
HPRegen  0.11/turn              (no ring)
MPRegen  0.13/turn              (no ring)

@: very quick
A: very small, unfitting armour, see invisible, herbivore, speed 3, slow
metabolism 2
a: Curse Item, Scrying, Renounce Religion, Evoke Berserk Rage


You were on level 5 of the Dungeon.
You worshipped Ashenzari.
Ashenzari was aware of your devotion.
You were hungry.

You visited 1 branch of the dungeon, and saw 5 of its levels.

You collected 236 gold pieces.

Inventory:

Hand Weapons
 f - a cursed +0 dagger (weapon)
Armour
 a - a +0 robe (worn)
Jewellery
 h - an amulet of rage (around neck)
 j - an uncursed ring of fire
Wands
 g - a wand of iceblast (3)
 t - a wand of polymorph (9)
Scrolls
 d - a scroll of fog {unknown}
 e - a scroll of fear {unknown}
 i - 3 scrolls of identify {unknown}
 m - 4 scrolls of magic mapping {unknown}
 o - 2 scrolls of enchant armour {unknown}
 r - a scroll of remove curse
 s - a scroll of blinking {unknown}
Potions
 b - 2 potions of heal wounds
 k - a potion of mutation {unknown}
 l - a potion of flight {unknown}
 p - a potion of brilliance {unknown}
 q - 4 potions of curing {unknown}
Comestibles
 c - 6 rations


   Skills:
 * Level 1.4 Fighting
 + Level 3.6 Dodging
 + Level 11.3 Stealth
 - Level 2.6 Spellcasting
 - Level 2.9 Conjurations


You had 5 spell levels left.
You knew the following spells:

 Your Spells              Type           Power        Failure   Level  Hunger
a - Magic Dart            Conj           ##..         5%          1    #......
b - Searing Ray           Conj           ##....       9%          2    ##.....
c - Dazzling Spray        Conj/Hex       #.....       30%         3    ###....

Your spell library contained the following spells:

 Spells                   Type           Power        Failure   Level  Hunger
 Iskenderun's Mystic Bla  Conj           ##......     47%         4    #####..
 Force Lance              Conj/Tloc      #.......     69%         4    #####..
 Fulminant Prism          Conj/Hex       #.........   69%         4    #####..


Dungeon Overview and Level Annotations

Branches:
Dungeon (5/15)
 Temple: D:4-7

Altars:
Ashenzari
Elyvilon
Kikubaaqudgha
Makhleb
Okawaru
Qazlal
Yredelemnul

Annotations:
D:3 2 transporters
D:5 Menkaure


Innate Abilities, Weirdness & Mutations

You are very small and have problems with some larger weapons.
You are too small for most types of armour.
You have supernaturally acute eyesight. (SInv)
You are a herbivore.
You cover ground extremely quickly.
You need to consume almost no food.


Message History

You now have 236 gold pieces (gained 14).
Menkaure, Prince of Dust comes into view.
Menkaure shouts!
Menkaure calls on the powers of darkness!
Your body is wracked with pain!
You are feeling hungry.
An ice beast comes into view.
The ice beast hits you. The ice beast freezes you!
* * * LOW HITPOINT WARNING * * *
Casting: Magic Dart (safe; 5% risk of failure)
Confirm with . or Enter, or press ? or * to list all spells.
Aiming: Dazzling Spray (safe; 30% risk of failure)
Press: ? - help, Shift-Dir - straight line, f - ice beast
Aim: an ice beast The spray of energy hits the ice beast.
The ice beast is lightly wounded.
The ice beast is dazzled.
The ice beast hits you.
* * * LOW HITPOINT WARNING * * *
The ice beast freezes you!
You die...

#..†............######....#
#........<................#
#...............######....####.
##.............## ##........
##...........#########..#####.
#####..#######..........).[..
#.## ##.####......####
#.#######..####.#.##..# #.
#...Y@.###...#.# #.#
#....########.##..# ... ..#
###..# .## ### #######...## .#
........### .# ........# .#
........# ## M.......#
#..######


You could see an ice beast (blind).

Vanquished Creatures
  An ogre (D:4)
  A scorpion (D:4)
  A howler monkey (D:4)
  A crimson imp (D:5)
  A jelly (D:5)
  An orc priest (D:4)
  4 worker ants (D:4)
  A hound skeleton (D:4)
  A howler monkey zombie (D:4)
  A worker ant zombie (D:4)
  Robin (D:4)
  5 adders
  An ooze (D:3)
  3 adder zombies (D:4)
  3 worms
  3 dart slugs
  A leopard gecko (D:4)
  4 orcs
  7 giant cockroaches
  15 goblins
  10 hobgoblins
  8 jackals
  5 kobolds
  2 quokkas
  3 ball pythons
  7 bats
  4 frilled lizards
  10 rats
105 creatures vanquished.

Notes
Turn   | Place    | Note
-------+----------+-------------------------------------------
     0 | D:1      | Kobolds4U the Spriggan Conjurer began the quest for the
                  | Orb.
     0 | D:1      | Reached XP level 1. HP: 9/9 MP: 5/5
   445 | D:1      | Reached skill level 4 in Stealth
   475 | D:1      | Reached XP level 2. HP: 13/13 MP: 6/6
   482 | D:1      | Learned a level 2 spell: Searing Ray
  1218 | D:1      | Reached skill level 5 in Stealth
  1391 | D:2      | Reached XP level 3. HP: 16/16 MP: 8/8
  1426 | D:2      | Reached skill level 6 in Stealth
  1551 | D:2      | Learned a level 3 spell: Dazzling Spray
  1969 | D:2      | Found a shattered altar of Ashenzari.
  1973 | D:2      | Became a worshipper of Ashenzari the Shackled
  2406 | D:3      | Reached XP level 4. HP: 21/21 MP: 9/9
  2571 | D:3      | Reached skill level 7 in Stealth
  2889 | D:3      | Found a transporter.
  2951 | D:3      | Found a transporter.
  3132 | D:3      | Found an iron altar of Okawaru.
  3135 | D:3      | Found an ancient bone altar of Kikubaaqudgha.
  3138 | D:3      | Found a burning altar of Makhleb.
  3141 | D:3      | Found a white marble altar of Elyvilon.
  3166 | D:3      | Reached skill level 8 in Stealth
  3501 | D:4      | Reached XP level 5. HP: 24/24 MP: 10/10
  3505 | D:4      | Reached skill level 9 in Stealth
  3856 | D:4      | Reached XP level 6. HP: 28/28 MP: 5/11
  3906 | D:4      | Noticed Robin
  4007 | D:4      | Killed Robin
  4007 | D:4      | Reached skill level 10 in Stealth
  4192 | D:4      | Reached * piety under Ashenzari
  4850 | D:4      | Reached skill level 11 in Stealth
  5030 | D:4      | Found a stormy altar of Qazlal.
  5409 | D:5      | Entered Level 5 of the Dungeon
  5409 | D:5      | Found a basalt altar of Yredelemnul.
  5422 | D:4      | Reached skill level 1 in Fighting
  5572 | D:5      | Reached XP level 7. HP: 33/33 MP: 12/12
  5612 | D:5      | Noticed Menkaure
  5629 | D:5      | Slain by an ice beast

Levels and vault maps discovered:
D:1:      dpeg_arrival_three_same_balls, layout_loops_corners
D:2:      layout_rooms, marbit_many_paths, serial_rivers,
          chequers_serial_rivers_small_3, chequers_serial_rivers_micro_c,
          chequers_serial_rivers_large_a, chequers_serial_rivers_small_3,
          chequers_serial_rivers_micro_a
D:3:      gammafunk_wand_slinger, layout_basic,
          grunt_temple_overflow_cloverleaf, serial_bayou_pond_d
D:4:      layout_gridville, nicolae_qazlal_eye_of_the_storm, first_ration,
          serial_undead, serial_undead_a, serial_undead_f, serial_undead_d,
          serial_undead_c, uniq_robin
D:5:      layout_rooms, yredelemnul_altar_generic, uniq_grinder, uniq_menkaure

Skill      XL: |  1  2  3  4  5  6 |
---------------+-------------------+-----
Stealth        | 4 5 6 8 9 11 | 11.3
Fighting       | 1 |  1.4
Dodging        | |  3.6
Spellcasting   | |  2.6
Conjurations   | |  2.9

Action                   |  1- 3 |  4- 6 |  7- 9 || total
-------------------------+-------+-------+-------++-------
Melee: Short sword       |     6 |       |       ||     6
       Dagger            |    25 |   118 |     2 ||   145
 Cast: Magic Dart        |    53 |   116 |       ||   169
       Searing Ray       |     2 |     4 |       ||     6
       Dazzling Spray    |       |     6 |     1 ||     7
Invok: Curse Item        |       |     1 |       ||     1
  Use: Potion            |       |     3 |       ||     3
 Stab: Sleeping          |    12 |    19 |     2 ||    33
       Invisible         |       |     1 |       ||     1
  Eat: Ration            |       |     2 |       ||     2
Armor: Robe              |     3 |     7 |       ||    10
Dodge: Dodged            |    41 |   129 |       ||   170
